 Dungeon Crawl Stone Soup version 0.30-a0-787-gab5ac29 (webtiles) character file.

Game seed: 5188198457485119735

121678 PublicAnimeNo1 the Warrior (level 16, 0/204 HPs)
             Began as a Demonspawn Artificer on Feb 13, 2023.
             Was an Initiate of Gozag.
             Slain by a tyrant leech (6 damage)
             ... called by a spriggan druid
             ... on level 1 of the Swamp on Feb 20, 2023.
             The game lasted 01:27:30 (27054 turns).

PublicAnimeNo1 the Warrior (Demonspawn Artificer)  Turns: 27054, Time: 01:27:31

Health: 0/204      AC: 28    Str: 26    XL:     16   Next: 32%
Magic:  0/25       EV:  2    Int: 22    God:    Gozag
Gold:   189        SH:  0    Dex: 15    Spells: 24/27 levels left

rFire   + . .      SeeInvis .    b - +8 demon trident of Excruciating Pain {pain, Str+5}
rCold   + . .      Faith    .    (no shield)
rNeg    + . .      Spirit   +    (body armour currently unavailable)
rPois   +          Reflect  .    (helmet currently unavailable)
rElec   +          Harm     .    (cloak currently unavailable)
rCorr   +          Rampage  .    (gloves unavailable)
Will    ++...      NoTele   +    (boots currently unavailable)
Stlth   +                        F - amulet of guardian spirit
HPRegen 0.54/turn                q - ring "Ceveub" {Contam rElec rN+ Will+ Int+3}
MPRegen 0.19/turn                B - +6 ring of strength

@: confused, mighty, tree-form, resistant, ambrosia-drunk, gold aura, on berserk
cooldown, slowed, very slow
A: stationary, stasis, torment immunity, boosted hp, (slimy green scales 2),
foul stench 1, powered by pain 2, (demonic touch 3), clever 1, (fire resistance
1)
a: End Transformation, Renounce Religion, Potion Petition, Call Merchant, Bribe
Branch


You were on level 1 of the Swamp.
You worshipped Gozag.
Gozag was aware of your devotion.
You were a tree.
You visited 6 branches of the dungeon, and saw 25 of its levels.
You visited the Abyss 1 time.
You also visited: Ice Cave.

You collected 10031 gold pieces.
You spent 5122 gold pieces at shops.
You paid 4720 gold pieces to Gozag.

Inventory:

Hand Weapons
 b - the +8 demon trident of Excruciating Pain (weapon) {pain, Str+5}
   (You bought it in a shop on level 6 of the Dungeon)

   Str:       It affects your strength (+5).
Missiles
 K - a throwing net
Armour
 s - a +0 cloak (melded)
 A - the +2 pair of slick slippers (melded) {slick, slippery, EV+5}
   (You bought it in a shop on level 1 of the Lair of Beasts)

   Slick:     Its wearer cannot be constricted, engulfed, netted or webbed.
   Slippery:  It slips away from damaging melee attacks, pulling the attacker
   onward.
   EV:        It affects your evasion (+5).
 P - the +1 hat of Pleasant Breezes (melded) {Rampage Will+ Str+4}
   (You bought it in a shop on level 2 of the Orcish Mines)

   Str:       It affects your strength (+4).
   Rampage:   It bestows one free step when moving towards enemies.
   Will:      It increases your willpower.
 Q - the +1 ice dragon scales "Qophuthro" (melded) {rPois rF- rC++ rN+ Int+7}
   (You bought it in a shop on level 1 of the Lair of Beasts)

   Int:       It affects your intelligence (+7).
   rF:        It makes you vulnerable to fire.
   rC:        It greatly protects you from cold.
   rPois:     It protects you from poison.
   rN:        It protects you from negative energy.
 U - the +9 ring mail of the Constellations {+Inv Str+3 Slay+5}
   (You bought it in a shop on level 14 of the Dungeon)

   Str:       It affects your strength (+3).
   Slay:      It affects your accuracy & damage with ranged weapons and melee
   (+5).
   +Inv:      It lets you turn invisible.
 V - a +2 helmet of intelligence
Jewellery
 g - a ring of willpower
 l - a +6 ring of dexterity
 q - the ring "Ceveub" (left branch) {Contam rElec rN+ Will+ Int+3}
   (You found it in an ice cave)

   [ring of positive energy]

   Int:       It affects your intelligence (+3).
   rElec:     It insulates you from electricity.
   rN:        It protects you from negative energy.
   Contam:    It causes magical contamination when unequipped.
   Will:      It increases your willpower.
 y - a ring of resist corrosion
 z - a ring of positive energy
 B - a +6 ring of strength (right branch)
 F - an amulet of guardian spirit (around neck)
 J - a ring of ice
 M - a ring of willpower
 O - a +6 ring of intelligence
Wands
 d - a wand of charming (9)
 e - a wand of iceblast (24)
 j - a wand of flame (17) (quivered)
 r - a wand of digging (5)
 S - a wand of polymorph (2)
 T - a wand of quicksilver (2)
Scrolls
 c - 11 scrolls of identify
 k - 3 scrolls of immolation
 o - 16 scrolls of teleportation
 t - 5 scrolls of enchant armour
 C - 4 scrolls of enchant weapon
 G - 3 scrolls of blinking
 L - a scroll of amnesia
 N - 2 scrolls of poison
 R - a scroll of fear
Potions
 f - 3 potions of might
 h - 4 potions of attraction
 i - 9 potions of curing
 m - 4 potions of magic
 n - 5 potions of brilliance
 p - 2 potions of degeneration
 u - 6 potions of flight
 v - 5 potions of haste
 E - 2 potions of lignification
 I - a potion of berserk rage
Miscellaneous
 w - a phial of floods


   Skills:
 + Level 15.5 Fighting
 - Level 3.6 Short Blades
 - Level 14.0 Polearms
 + Level 10.8 Armour
 - Level 12.0 Dodging
 - Level 4.7 Stealth
 - Level 6.2 Spellcasting
 * Level 8.3 Necromancy
 + Level 1.0 Translocations
 + Level 3.3 Evocations


You had 24 spell levels left.
You knew the following spells:

 Your Spells              Type           Power      Damage    Failure   Level
a - Apportation           Tloc           22%        N/A       6%          1
b - Blink                 Tloc           22%        N/A       9%          2

Your spell library contained the following spells:

 Spells                   Type           Power      Damage    Failure   Level
 Sublimation of Blood     Necr           43%        N/A       1%          2
 Lesser Beckoning         Tloc           22%        N/A       9%          2
 Momentum Strike          Conj/Tloc      18%        3d8       11%         2
 Wereblood                Tmut           6%         N/A       14%         2
 Gell's Gravitas          Tloc           11%        N/A       17%         3
 Teleport Other           Tloc           11%        N/A       17%         3
 Ignite Poison            Fire/Tmut/Pois 6%         N/A       26%         3
 Inner Flame              Hex/Fire       6%         N/A       26%         3
 Flame Wave               Conj/Fire      6%         2d5       65%         4
 Petrify                  Tmut/Erth      6%         N/A       65%         4
 Sticky Flame             Conj/Fire      6%         2d3       65%         4
 Alistair's Intoxication  Tmut/Pois      4%         N/A       94%         5
 Fireball                 Conj/Fire      3%         3d4       94%         5
 Irradiate                Conj/Tmut      3%         3d12      94%         5
 Iskenderun's Battlesphe  Conj           6%         2d6       94%         5
 Conjure Ball Lightning   Conj/Air       3%         3x3d6     100%        6
 Orb of Destruction       Conj           3%         9d5       100%        7
 Summon Hydra             Summ           3%         N/A       100%        7
 Ignition                 Fire           3%         3d4       100%        8


Dungeon Overview and Level Annotations

Branches:
Dungeon (15/15)            Temple (1/1) D:4            Lair (5/5) D:11
  Swamp (1/4) Lair:2       Spider (1/4) Lair:3        Slime (0/5) Lair:5
    Orc (2/2) D:11            Elf (0/3) Orc:2        Vaults (0/5) D:14
 Depths (0/4) D:15          IceCv (visited)

Altars:
Ashenzari
Cheibriados
Dithmenos
Fedhas
Gozag
Hepliaklqana
Kikubaaqudgha
Makhleb
Nemelex Xobeh
Okawaru
Qazlal
Ru
Sif Muna
Trog
Uskayaw
Vehumet
Wu Jian
Xom
Yredelemnul
Jiyva

Shops:
D:6 *   D:10 *   D:11 :   D:14 [   Orc:2 ([[   Lair:1 [[   Lair:2 :

Annotations:
Temple 2 transporters
Lair:5 3 runed translucent doors, exclusion: obsidian statue, cpf86's ghost, journeyman DjFE


Innate Abilities, Weirdness & Mutations

You are a tree.
Your roots penetrate the ground, keeping you stationary.
You cannot be teleported.
You are immune to unholy pain and torment.
Your maximum health is greatly increased.
Your equipment is partially melded.
((You are mostly covered in slimy green scales. (AC +3)))
You may rarely emit foul miasma when damaged in melee.
You sometimes gain power by taking damage.
((Your touch may irresistibly damage your foes and sap their willpower.))
Your mind is acute. (Int +4, Str/Dex -1)
((Your flesh is heat resistant. (rF+)))


Message History

The tyrant leech bites you but does no damage.
You puncture the alligator!
The alligator writhes in agony.
The alligator is severely wounded.
You are hit by a branch.
* * * LOW HITPOINT WARNING * * *
The alligator bites you but does no damage.
The alligator tail-slaps you but does no damage.
You perforate the alligator like a sieve!!!
You kill the alligator!
The trees move their gnarly branches around.
A tree reaches out and hits you.
* * * LOW HITPOINT WARNING * * *
The tyrant leech bites you but does no damage.
The spriggan druid hits you but does no damage.
As you read the scroll of fear, it crumbles to dust.
You assume a fearsome visage.
The spriggan druid easily resists. x2
The alligator looks frightened!
The tyrant leech resists with some effort.
The swamp worm looks frightened! x2
The trees move their gnarly branches around.
You are hit by a branch!
* * * LOW HITPOINT WARNING * * *
You are hit by a branch!
* * * LOW HITPOINT WARNING * * *
The tyrant leech bites you.
* * * LOW HITPOINT WARNING * * *
The swamp worm is distracted by your dazzling golden aura.
The spriggan druid hits you with a +0 quarterstaff!
* * * LOW HITPOINT WARNING * * *
The alligator is distracted by your dazzling golden aura.
You are confused.
You feel invigorated.
You are hit by a branch!
* * * LOW HITPOINT WARNING * * *
The swamp worm is no longer distracted by gold.
The spriggan druid barely misses you. The tyrant leech completely misses you.
The spriggan druid is distracted by your dazzling golden aura.
The spriggan druid hits you but does no damage.
The tyrant leech bites you!
You die...
Your body crumbles into a pile of gold.

~ ♣..~$$...♣~.♣
..
♣♣.....♣♣.~~♣~~
...♣.~§♣.♣♣
♣~.♣ ..
.~.~~~~t<♣ ....
. .~~~♣~~$~♣
♣.♣~.
~.~~w~~~~♣♣
.~~.♣
.~~~♣~§wi~♣
..♣.. ...
♣~.~wi♣ .~
♣..♣♣♣♣ .
♣..♣.♣~♣ ♣.♣♣♣
♣♣ ♣. ♣♣


You could see an alligator (swift, fleeing), a tyrant leech, 2 spriggan druids
and 2 swamp worms.

Vanquished Creatures
  Rupert (D:12)
  A lich (IceCv)
  Gastronok (D:9)
  A juggernaut skeleton (Abyss:2)
  Nessos (D:14)
  A bunyip (Swamp:1)
  7 dire elephants (Lair:5)
  Snorg (D:13)
  A yaktaur captain (D:14)
  A rakshasa (D:15)
  A ghost crab (Swamp:1)
  4 ogre magi
  A caustic shrike simulacrum (IceCv)
  A boulder beetle (D:15)
  4 hydras
  4 alligators (Swamp:1)
  A death knight (D:14)
  6 centaur warriors
  19 two-headed ogres
  A death yak (Lair:5)
  A thrashing horror (Abyss:2)
  Urug (D:12)
  Sonja (Lair:1)
  2 spriggans (Swamp:1)
  A spectral death yak (Lair:5)
  5 skeletal warriors
  2 fire crabs
  A goliath frog (Swamp:1)
  A glowing orange brain (Abyss:2)
  A spark wasp zombie (D:15)
  A spectral anaconda (Lair:5)
  4 bog bodies
  2 deep trolls (Orc:2)
  A phantasmal warrior (D:14)
  A lindwurm (Lair:5)
  A flayed ghost (D:15)
  2 orc knights
  Pikel (D:6)
  3 spriggan simulacra (IceCv)
  A stone giant zombie (D:15)
  6 necromancers
  15 ugly things
  2 deep elf pyromancers
  An orc sorcerer (D:15)
  A will-o-the-wisp (Abyss:2)
  A fire giant zombie (D:15)
  2 manticores
  6 cyclopes
  11 elephants
  4 black mambas
  A dire elephant zombie (Lair:5)
  An orange demon (Abyss:2)
  A smoke demon (Abyss:2)
  11 cane toads
  2 rime drakes (Lair:3)
  7 yaktaurs
  2 anaconda simulacra (IceCv)
  13 komodo dragons
  An ice devil (IceCv)
  2 efreet
  12 freezing wraiths
  2 golden dragon simulacra (IceCv)
  A meliai (shapeshifter) (D:15)
  12 trolls
  A polar bear (Lair:5)
  A tyrant leech (Swamp:1)
  6 dream sheep (Lair:1)
  2 spectral elephants (Lair:5)
  A hornet (Swamp:1)
  24 blink frogs
  A centaur simulacrum (D:15)
  A shadow (D:11)
  6 slime creatures (D:12)
  25 yaks
  4 wyverns
  6 dire elephant simulacra (IceCv)
  3 water elementals (D:13)
  5 wraiths
  Eustachio (D:6)
  A large abomination (Abyss:2)
  12 basilisks
  A neqoxec (Abyss:2)
  2 minotaur simulacra (IceCv)
  A steam dragon (D:11)
  A death yak simulacrum (Lair:5)
  2 redbacks (Lair:3)
  11 vampire mosquitoes
  2 wargs (Orc:1)
  3 acid dragons
  2 harpy simulacra (IceCv)
  Edmund (D:6)
  4 hydra simulacra (IceCv)
  3 small abominations (Abyss:2)
  3 spectral cane toads (Lair:5)
  11 water moccasins
  Duvessa (D:6)
  6 black bears
  12 orc warriors
  3 alligator simulacra (IceCv)
  An ice beast (Abyss:2)
  3 boggarts (D:14)
  2 elephant zombies (Lair:5)
  25 ogres
  2 ettin simulacra (IceCv)
  12 wolves (Lair:5)
  5 centaurs
  An elephant skeleton (Lair:5)
  3 lemures (D:6)
  2 kobold brigands
  2 necrophages
  15 bullfrogs
  2 gnoll sergeants
  3 scorpions
  A cane toad simulacrum (Lair:5)
  8 wights
  Dowan (D:6)
  13 killer bees
  2 elephant simulacra (Lair:5)
  7 lindwurm simulacra (IceCv)
  6 electric eels (D:13)
  6 howler monkeys
  A tengu skeleton (D:15)
  A lava snake (Orc:2)
  A jelly (D:4)
  12 orc priests
  3 hounds
  Jessica (D:3)
  3 hell rats (Lair:1)
  An iguana (D:4)
  Natasha (thrice) (D:3)
  17 orc wizards
  Robin (D:3)
  4 adders
  16 gnolls
  3 river rats (D:6)
  A white imp (D:8)
  4 ufetubi
  A worm (D:4)
  4 dart slugs
  64 orcs
  7 endoplasms
  7 giant cockroaches
  17 goblins
  9 hobgoblins
  9 quokkas
  4 ball pythons
  5 bats
  5 frilled lizards
  18 kobolds
  6 rats
727 creatures vanquished.

Vanquished Creatures (collateral kills)
  A two-headed ogre (D:11)
  3 hell rats (Lair:1)
  An ufetubus (D:6)
5 creatures vanquished.

Vanquished Creatures (others)
  A bloated husk (Swamp:1)
  2 gnolls (D:3)
  An orc (D:9)
  2 foxfires (Abyss:2)
  7 fungi
  89 plants
  33 withered plants
135 creatures vanquished.

Grand Total: 867 creatures vanquished

Notes
Turn   | Place    | Note
-------+----------+-------------------------------------------
     0 | D:1      | PublicAnimeNo1 the Demonspawn Artificer began the quest for
                  | the Orb.
     0 | D:1      | Reached XP level 1. HP: 15/15 MP: 1/1
    30 | D:1      | Reached skill level 1 in Stealth
   262 | D:1      | Gained mutation: Your touch may inflict minor irresistible
                  | damage on your foes. [demonic ancestry]
   262 | D:1      | Reached XP level 2. HP: 17/21 MP: 2/2
   263 | D:1      | Upgraded the game from 0.30-a0-777-ga9a30cb to
                  | 0.30-a0-779-g7971cf1
   497 | D:1      | Reached skill level 2 in Fighting
  1082 | D:2      | Gained mutation: Your touch may inflict irresistible damage
                  | on your foes. [demonic ancestry]
  1082 | D:2      | Reached XP level 3. HP: 27/27 MP: 3/3
  1735 | D:3      | Identified the +8 trident "Tuecybosob" {heavy, rPois rCorr
                  | Dex-4 SInv}
  1768 | D:3      | Reached skill level 1 in Short Blades
  1768 | D:3      | Gained mutation: You sometimes gain a little power by
                  | taking damage. [demonic ancestry]
  1768 | D:3      | Reached XP level 4. HP: 32/34 MP: 4/4
  1876 | D:3      | Noticed Jessica
  1899 | D:3      | Noticed Robin
  2018 | D:3      | Noticed Natasha
  2019 | D:3      | Killed Natasha
  2020 | D:3      | Reached skill level 3 in Fighting
  2055 | D:3      | Reached XP level 5. HP: 41/41 MP: 5/5
  2060 | D:3      | Reached skill level 1 in Dodging
  2144 | D:3      | Killed Robin
  2177 | D:3      | Noticed Natasha
  2182 | D:3      | Killed Natasha
  2232 | D:3      | Killed Jessica
  2426 | D:3      | Noticed Natasha
  2431 | D:3      | Killed Natasha
  2638 | D:4      | Identified a scroll of acquirement
  2650 | D:4      | Found a staircase to the Ecumenical Temple.
  2695 | D:4      | Reached XP level 6. HP: 34/47 MP: 6/6
  2891 | Temple   | Entered the Ecumenical Temple
  2891 | Temple   | Found a transporter.
  2891 | Temple   | Found a transporter.
  2893 | Temple   | Found a transporter.
  2893 | Temple   | Found a transporter.
  2952 | Temple   | Became a worshipper of Gozag Ym Sagoz the Greedy
  2969 | D:4      | Acquired 1150 gold pieces
  3262 | D:4      | Reached skill level 4 in Fighting
  3774 | D:5      | Entered Level 5 of the Dungeon
  3951 | D:5      | Gained mutation: You may rarely emit foul miasma when
                  | damaged in melee. [demonic ancestry]
  3951 | D:5      | Reached XP level 7. HP: 51/54 MP: 7/7
  4034 | D:5      | Identified the +4 hand axe "Zenaumeq" {heavy, SInv}
  5075 | D:6      | Found Cueloche's General Store.
  5083 | D:6      | Bought the +8 demon trident of Excruciating Pain {pain,
                  | Str+5} for 1425 gold pieces
  5128 | D:6      | Noticed Pikel
  5132 | D:6      | Noticed Duvessa
  5136 | D:6      | Noticed Dowan
  5145 | D:6      | Killed Pikel
  5146 | D:6      | Reached skill level 5 in Fighting
  5146 | D:6      | Gained mutation: You are partially covered in slimy green
                  | scales. (AC +2) [demonic ancestry]
  5146 | D:6      | Reached XP level 8. HP: 36/63 MP: 8/8
  5149 | D:6      | Killed Dowan
  5157 | D:6      | Killed Duvessa
  5267 | D:6      | Noticed Edmund
  5398 | D:6      | HP: 2/64 [ogre/+0 giant club (34)]
  5398 | D:6      | Noticed Eustachio
  5437 | D:5      | Upgraded the game from 0.30-a0-779-g7971cf1 to
                  | 0.30-a0-782-ge64f917
  5622 | D:6      | Reached skill level 6 in Fighting
  5637 | D:6      | Killed Eustachio
  5638 | D:6      | Reached skill level 1 in Necromancy
  5673 | D:6      | Reached skill level 5 in Polearms
  5724 | D:6      | Killed Edmund
  5766 | D:6      | Gained mutation: You sometimes gain power by taking damage.
                  | [demonic ancestry]
  5766 | D:6      | Reached XP level 9. HP: 69/71 MP: 9/9
  6179 | D:6      | Found a radiant altar of Vehumet.
  6180 | D:6      | Found a sparkling altar of Nemelex Xobeh.
  6689 | D:7      | Learned a level 1 spell: Apportation
  6829 | D:7      | Found a shadowy altar of Dithmenos.
  7145 | D:7      | Reached skill level 7 in Fighting
  8344 | D:9      | Gained mutation: You are mostly covered in slimy green
                  | scales. (AC +3) [demonic ancestry]
  8344 | D:9      | Reached XP level 10. HP: 71/80 MP: 8/10
  8346 | D:9      | Reached skill level 5 in Necromancy
  8366 | D:9      | Noticed Gastronok
  8664 | D:9      | Reached skill level 8 in Fighting
  8855 | D:9      | Killed Gastronok
  9406 | D:10     | Entered Level 10 of the Dungeon
  9684 | D:10     | Noticed a purple ugly thing
  9697 | D:10     | Killed a purple ugly thing
  9806 | D:10     | Identified the +0 robe of the Wild Haggis {rElec rF- rN+}
  9924 | D:10     | Found Rigauf's Assorted Antiques.
  9932 | D:10     | Bought a small lapis lazuli amulet for 85 gold pieces
 10362 | D:11     | Reached XP level 11. HP: 25/87 MP: 4/11
 10554 | D:11     | Found a staircase to the Orcish Mines.
 10640 | D:11     | Identified the +1 leather armour of Gisakoadgh {rElec
                  | Str+2}
 10690 | D:11     | Reached skill level 9 in Fighting
 10729 | D:11     | Found a staircase to the Lair.
 10736 | D:11     | Identified the +5 battleaxe "Erikecij" {pain, rPois Str+4}
 11048 | D:11     | Noticed a centaur warrior
 11049 | D:11     | Noticed a two-headed ogre
 11058 | D:11     | Killed a two-headed ogre
 11059 | D:11     | Reached skill level 10 in Polearms
 11064 | D:11     | Killed a centaur warrior
 11471 | Orc:1    | Entered Level 1 of the Orcish Mines
 11481 | Orc:1    | Reached skill level 5 in Dodging
 11919 | Orc:2    | Entered Level 2 of the Orcish Mines
 11920 | Orc:2    | Acquired 783 gold pieces
 11932 | Orc:2    | Noticed a two-headed ogre
 11932 | Orc:2    | Noticed a two-headed ogre
 11934 | Orc:2    | Noticed an ogre mage
 11934 | Orc:2    | Noticed a two-headed ogre
 11934 | Orc:2    | Noticed a two-headed ogre
 11937 | Orc:2    | Noticed a two-headed ogre
 11942 | Orc:2    | Noticed a two-headed ogre
 11964 | Orc:2    | Noticed a deep troll
 11992 | Orc:1    | Gained mutation: You possess an exceptional clarity of
                  | mind. [potion of mutation]
 11992 | Orc:1    | Gained mutation: Your body sometimes deteriorates upon
                  | taking damage. [potion of mutation]
 11993 | Orc:1    | Lost mutation: You possess an exceptional clarity of mind.
                  | [potion of mutation]
 11993 | Orc:1    | Lost mutation: Your body sometimes deteriorates upon taking
                  | damage. [potion of mutation]
 11993 | Orc:1    | Gained mutation: Your mind is acute. (Int +4, Str/Dex -1)
                  | [potion of mutation]
 11993 | Orc:1    | Gained mutation: Your natural rate of healing is unusually
                  | fast. [potion of mutation]
 11993 | Orc:1    | Gained mutation: You have a pair of small antennae on your
                  | head. [potion of mutation]
 11996 | Orc:2    | Found Ifisuc's Antique Weapon Shop.
 12001 | Orc:2    | Killed a deep troll
 12006 | Orc:2    | Noticed an ogre mage
 12059 | Orc:1    | Killed a two-headed ogre
 12074 | Orc:1    | Killed a two-headed ogre
 12177 | Lair:1   | Entered Level 1 of the Lair of Beasts
 12209 | Lair:1   | Reached skill level 5 in Armour
 12213 | Lair:1   | Reached skill level 10 in Fighting
 12220 | Lair:1   | Reached XP level 12. HP: 88/97 MP: 8/12
 12586 | Lair:1   | Noticed Sonja
 12590 | Abyss:2  | Found a corrupted altar of Lugonu.
 12590 | Abyss:2  | Cast into level 2 of the Abyss (Sonja)
 12704 | Abyss:2  | Gained mutation: Armour fits poorly on your strangely
                  | shaped body. [a neqoxec]
 12718 | Abyss:2  | Lost mutation: Your natural rate of healing is unusually
                  | fast. [potion of mutation]
 12718 | Abyss:2  | Lost mutation: You have a pair of small antennae on your
                  | head. [potion of mutation]
 12718 | Abyss:2  | Lost mutation: Armour fits poorly on your strangely shaped
                  | body. [potion of mutation]
 12718 | Abyss:2  | Gained mutation: Your flesh is heat resistant. (rF+)
                  | [potion of mutation]
 12726 | Abyss:2  | Found a corrupted altar of Lugonu.
 12752 | Abyss:2  | Found a corrupted altar of Lugonu.
 12877 | Abyss:2  | Noticed a starcursed mass
 12886 | Abyss:2  | Found a corrupted altar of Lugonu.
 12899 | Abyss:2  | Found a corrupted altar of Lugonu.
 12909 | Abyss:2  | Found a corrupted altar of Lugonu.
 12911 | Abyss:2  | Found a corrupted altar of Lugonu.
 12911 | Abyss:2  | Found a corrupted altar of Lugonu.
 12993 | Lair:1   | Escaped the Abyss
 13023 | Lair:1   | Killed Sonja
 13024 | Lair:1   | HP: 3/92 [hell rat (5)]
 13897 | Lair:1   | Bought the +2 pair of slick slippers {slick, slippery,
                  | EV+5} for 1020 gold pieces
 13897 | Lair:1   | Found the +2 pair of slick slippers {slick, slippery, EV+5}
 13897 | Lair:1   | Bought a fine chain mail for 228 gold pieces
 13897 | Lair:1   | Identified the +2 chain mail of Virtue {rF+} (You bought it
                  | in a shop on level 1 of the Lair of Beasts)
 13929 | Lair:2   | Reached skill level 11 in Fighting
 13984 | Lair:2   | Reached XP level 13. HP: 44/106 MP: 13/13
 14524 | Lair:2   | Found a staircase to the Swamp.
 15624 | Lair:3   | Found a hole to the Spider Nest.
 16866 | Lair:5   | Entered Level 5 of the Lair of Beasts
 17167 | Lair:5   | Found a runed translucent gate.
 17168 | Lair:5   | Found a runed translucent gate.
 17176 | Lair:5   | Found a staircase to the Slime Pits.
 17176 | Lair:5   | Found a viscous altar of Jiyva.
 17347 | Lair:5   | Found a runed translucent gate.
 17351 | Lair:5   | Noticed cpf86's ghost (journeyman DjFE)
 17402 | Lair:5   | Noticed a dire elephant
 17402 | Lair:5   | Noticed a dire elephant
 17402 | Lair:5   | Noticed a dire elephant
 17404 | Lair:5   | Noticed a dire elephant
 17404 | Lair:5   | Noticed a dire elephant
 17413 | Lair:5   | Killed a dire elephant
 17476 | Lair:5   | Reached skill level 12 in Fighting
 17717 | Lair:5   | Reached XP level 14. HP: 101/115 MP: 10/14
 19033 | Lair:5   | Identified the +1 leather armour of Asceticism {rElec rF++
                  | rC- Str+3 SInv}
 19357 | Orc:2    | Reached skill level 13 in Fighting
 19494 | Orc:2    | Reached skill level 10 in Dodging
 19531 | Orc:2    | Found Ura Gig's Armour Emporium.
 19644 | Orc:2    | Found Nonimp's Antique Armour Boutique.
 19645 | Orc:2    | Found Fegaub's Antique Weapon Boutique.
 19833 | Orc:2    | Bought a smoking hat for 243 gold pieces
 19833 | Orc:2    | Identified the +1 hat of Pleasant Breezes {Rampage Will+
                  | Str+4} (You bought it in a shop on level 2 of the Orcish
                  | Mines)
 20015 | Orc:2    | Found a shimmering blue altar of Sif Muna.
 20183 | Orc:2    | Found a staircase to the Elven Halls.
 20242 | Orc:2    | Reached skill level 10 in Armour
 20565 | Lair:1   | Bought ichor-stained ice dragon scales for 1560 gold pieces
 20565 | Lair:1   | Identified the +1 ice dragon scales "Qophuthro" {rPois rF-
                  | rC++ rN+ Int+7} (You bought it in a shop on level 1 of the
                  | Lair of Beasts)
 20727 | D:12     | Noticed Rupert
 20728 | D:12     | You fall into a shaft and drop 2 floors!
 20733 | D:14     | Found a frozen archway.
 20747 | IceCv    | Entered an ice cave
 20752 | IceCv    | Reached skill level 1 in Spellcasting
 21191 | IceCv    | Gained mutation: Your touch may irresistibly damage your
                  | foes and sap their willpower. [demonic ancestry]
 21191 | IceCv    | Reached XP level 15. HP: 93/125 MP: 13/18
 21252 | IceCv    | Noticed a lich
 21271 | IceCv    | Killed a lich
 21324 | IceCv    | Identified the ring "Ceveub" {Contam rElec rN+ Will+ Int+3}
 21342 | IceCv    | Found an ancient bone altar of Kikubaaqudgha.
 21467 | IceCv    | Reached skill level 14 in Fighting
 21815 | D:14     | Found a gate to the Vaults.
 21833 | D:14     | Upgraded the game from 0.30-a0-782-ge64f917 to
                  | 0.30-a0-787-gab5ac29
 22876 | D:13     | Noticed Snorg
 22884 | D:13     | Killed Snorg
 23071 | D:12     | Killed Rupert
 23377 | D:12     | Reached skill level 5 in Spellcasting
 23380 | D:12     | Noticed Urug
 23398 | D:12     | Killed Urug
 23746 | D:14     | Found a blossoming altar of Fedhas.
 24113 | D:14     | Found an ancient bone altar of Kikubaaqudgha.
 24144 | D:14     | Noticed Nessos
 24153 | D:14     | Killed Nessos
 24532 | D:15     | Entered Level 15 of the Dungeon
 24691 | D:15     | Found a staircase to the Depths.
 24913 | D:15     | Reached skill level 15 in Fighting
 25281 | D:15     | Reached XP level 16. HP: 115/136 MP: 20/25
 25805 | D:14     | Bought a heavily runed ring mail for 306 gold pieces
 25805 | D:14     | Identified the +9 ring mail of the Constellations {+Inv
                  | Str+3 Slay+5} (You bought it in a shop on level 14 of the
                  | Dungeon)
 25805 | D:14     | Bought a glowing helmet for 255 gold pieces
 26053 | Spider:1 | Entered Level 1 of the Spider Nest
 26112 | Swamp:1  | Entered Level 1 of the Swamp
 26747 | Lair:2   | Learned a level 2 spell: Blink
 27049 | Swamp:1  | Reached skill level 1 in Translocations
 27053 | Swamp:1  | HP: 5/204 [spriggan druid/+0 quarterstaff (9)]
 27054 | Swamp:1  | Slain by a tyrant leech

Illustrated notes

Levels and vault maps discovered:
D:1:      wander_arrival_fairy_ring, layout_basic, minmay_tetromino_l4
D:2:      layout_loops_ring, kennysheep_nub
D:3:      layout_rooms, chequers_serial_rivers_small_a, minmay_pentomino_pile,
          uniq_jessica, uniq_robin, uniq_natasha
D:4:      layout_basic, minmay_temple_entry_tees
D:5:      layout_loops_corners
D:6:      wad_woods_settlement, layout_basic, gammafunk_temple_overflow_statue,
          serial_shops, nicolae_shop_advertising_works
          [nicolae_subvault_shop_adworks], uniq_eustachio, uniq_edmund,
          uniq_duvessa, uniq_pikel
D:7:      layout_gridville, nicolae_dithmenos_through_a_glass_darkly
D:8:      layout_loops_corners
D:9:      layout_loops_ring, uniq_gastronok
D:10:     layout_basic, serial_shops, shop
D:11:     layout_cross, erik_lair_dragon, orc_0_dummy, serial_glass,
          glass_columns_b, glass_columns_a
D:12:     layout_rooms, uniq_urug, uniq_rupert
D:13:     layout_basic, uniq_snorg
D:14:     layout_loops_corners, david_vaults_2, kiku_gazebo_garden_becter,
          gauntlet_entry_generic, portal_ice_cave_entry_pillars_three,
          minivault_1, fedhas_ov_isle_minmay, uniq_nessos
D:15:     gammafunk_depths_entry_grave, layout_loops_ring, amethyst_killhole
Temple:   hellmonk_temple_divided_pantheon
Lair:1:   layout_chaotic_city, beast_lair_carwin_6, uniq_sonja
Lair:2:   layout_gridlike, skrybe_swamp_entry_bodies, grunt_megastairs_1
Lair:3:   layout_misc_corridors, spider_nest_entry_webs
Lair:4:   layout_cave_pods
Lair:5:   due_jungle_book, layout_gridlike, slime_entry_1,
          ebering_ghost_rock_garden, minivault_19, kennysheep_basilisk_garden,
          serial_bayou_shore_b, grunt_megastairs_4
Swamp:1:  layout_falls_marsh, evilmike_swamp_ruin_house_2
Spider:1: nicolae_spider_mines_2, hellmonk_narrow_tunnel
Orc:1:    layout_caves, basic_altar, lightli_orcish_oven
Orc:2:    st_orc_open, layout_caves, special_room, nicolae_orc_lava_tube,
          led_sif_book

Skill      XL: |  1  2  3  4  5  6  7  8  9 10 11 12 13 14 15 16 |
---------------+-------------------------------------------------+-----
Stealth        | 1 2 3 4 |  4.7
Fighting       | 2 3 4 5 6 7 8 10 11 12 13 15 | 15.5
Short Blades   | 1 2 3 |  3.6
Dodging        | 1 2 3 4 5 7 8 10 12 | 12.0
Polearms       | 3 5 7 9 11 12 14 | 14.0
Necromancy     | 2 4 6 8 |  8.3
Armour         | 2 5 6 8 10 | 10.8
Spellcasting   | 2 6 |  6.2
Translocations | 1 |  1.0
Evocations     | |  3.3

Action                     |  1- 3 |  4- 6 |  7- 9 | 10-12 | 13-15 | 16-18 || total
---------------------------+-------+-------+-------+-------+-------+-------++-------
  Melee: Club              |    82 |       |       |       |       |       ||    82
         Punch             |     4 |     1 |     1 |     4 |    15 |     1 ||    26
         Touch             |    23 |    31 |    33 |    67 |   240 |    19 ||   413
         Dagger            |    52 |   133 |    39 |       |       |       ||   224
         Demon trident     |       |       |   165 |   434 |  1223 |   133 ||  1955
 Invoke: Call Merchant     |       |       |       |     3 |       |     2 ||     5
         Potion Petition   |       |       |       |       |       |     1 ||     1
  Evoke: Wand              |     7 |    13 |     5 |     5 |    15 |     3 ||    48
         Phial of floods   |       |       |       |     1 |     1 |       ||     2
    Use: Scroll            |     2 |     8 |     6 |     6 |     5 |     3 ||    30
         Potion            |       |       |     8 |     9 |     2 |     2 ||    21
   Stab: Sleeping          |     5 |     7 |     9 |    13 |     2 |       ||    36
         Distracted        |       |       |     2 |     5 |     8 |       ||    15
         Betrayed ally     |       |       |       |     1 |       |       ||     1
         Paralysed         |       |       |       |       |     1 |       ||     1
 Armour: Leather armour    |    40 |    22 |    46 |    99 |       |       ||   207
         Chain mail        |       |       |       |     2 |   147 |       ||   149
         Ice dragon scales |       |       |       |       |    90 |    43 ||   133
         Skin              |       |       |       |       |       |    26 ||    26
         Ring mail         |       |       |       |       |       |     2 ||     2
  Dodge: Dodged            |    72 |    91 |   107 |   231 |   519 |    85 ||  1105

Table legend: (Time is in decaauts)
 A = Elapsed time spent in this place.
 B = Non-inter-level travel time spent in this place.
 C = Inter-level travel time spent in this place.
 D = Time resting spent in this place.
 E = Time spent auto-exploring this place.
 F = Levels seen in this place.
 G = Mean time per level.
                   A        B        C        D        E       F      G
               +--------+--------+--------+--------+--------+-----+--------+
         Total |  26512 |  24381 |   2131 |   3315 |  16202 |  27 |  981.9 |
       Dungeon |  16437 |  14855 |   1582 |   1828 |  10453 |  15 | 1095.8 |
        Temple |     76 |     64 |     12 |     27 |      5 |   1 |   76.0 |
          Lair |   7031 |   6606 |    425 |   1016 |   4574 |   5 | 1406.2 |
         Swamp |    160 |    155 |      5 |     26 |      5 |   1 |  160.0 |
   Spider Nest |      1 |      1 |      0 |      0 |      0 |   1 |    1.0 |
  Orcish Mines |   1699 |   1594 |    105 |    106 |   1107 |   2 |  849.5 |
         Abyss |    385 |    385 |      0 |     39 |     58 |   1 |  385.0 |
      Ice Cave |    721 |    721 |      0 |    272 |      0 |   1 |  721.0 |
               +--------+--------+--------+--------+--------+-----+--------+

Top non-repeatable levels by time:
  Lair:5: 2152 daAuts
    D:11: 1846 daAuts
  Lair:2: 1689 daAuts
     D:6: 1414 daAuts
    D:14: 1406 daAuts
  Lair:1: 1370 daAuts
    D:15: 1198 daAuts
     D:8: 1162 daAuts
    D:13: 1157 daAuts
     D:5: 1101 daAuts
     D:1: 1084 daAuts
     D:4: 1054 daAuts
  Lair:4: 1036 daAuts
   Orc:2: 1024 daAuts
     D:9: 971 daAuts
